 Dungeon Crawl Stone Soup version 0.28-a0-1524-ge72afd5fc6 (webtiles) character file.

Game seed: 11308959665003731731

153 pokeman the Magician (level 5, -4/29 HPs)
             Began as a Deep Elf Hedge Wizard on Jan 17, 2022.
             Slain by an iguana (9 damage)
             ... on level 3 of the Dungeon.
             The game lasted 00:06:56 (3372 turns).

pokeman the Magician (Deep Elf Hedge Wizard)        Turns: 3372, Time: 00:06:57

Health: -4/29      AC:  5    Str:  7    XL:     5   Next: 12%
Magic:  0/15       EV: 12    Int: 21    God:
Gold:   128        SH:  5    Dex: 14    Spells: 5/16 levels left

rFire   . . .      SeeInvis .   e - staff of cold
rCold   + . .      Faith    .   (no shield)
rNeg    . . .      Spirit   .   i - +0 leather armour
rPois   .          Reflect  +   b - +1 helmet
rElec   .          Harm     .   (no cloak)
rCorr   .          Rampage  .   (no gloves)
Will    .....                   (no boots)
Stlth   ++........              d - amulet of reflection
HPRegen 0.09/turn               (no ring)
MPRegen 0.14/turn               (no ring)

@: no status effects
A: no striking features
a: no special abilities


You were on level 3 of the Dungeon.
You visited 1 branch of the dungeon, and saw 3 of its levels.

You collected 128 gold pieces.

Inventory:

Armour
 b - a +1 helmet (worn)
 i - a +0 leather armour (worn)
Magical Staves
 e - a staff of cold (weapon)
 g - a staff of fire
Jewellery
 d - an amulet of reflection (around neck)
Scrolls
 a - 2 scrolls of identify {unknown}
 f - a scroll of summoning {unknown}
 j - a scroll of immolation {unknown}
 k - a scroll of torment {unknown}
Potions
 c - a potion of might {unknown}
 h - a potion of curing {unknown}


   Skills:
 - Level 1.0 Fighting
 - Level 1.0 Armour
 - Level 3.0 Dodging
 + Level 2.5 Stealth
 * Level 6.1 Spellcasting
 + Level 2.5 Conjurations
 - Level 1.1 Summonings
 - Level 1.1 Translocations
 - Level 1.0 Fire Magic
 + Level 0.6 Ice Magic


You had 5 spell levels left.
You knew the following spells:

 Your Spells              Type           Power      Damage    Failure   Level
a - Magic Dart            Conj           68%        1d6       4%          1
b - Mephitic Cloud        Conj/Pois/Air  9%         N/A       30%         3
c - Call Imp              Summ           11%        N/A       14%         2
d - Blink                 Tloc           22%        N/A       14%         2
e - Conjure Flame         Conj/Fire      13%        6-21      21%         3

Your spell library contained the following spells:

 Spells                   Type           Power      Damage    Failure   Level
 Slow                     Hex            24%        N/A       14%         1


Dungeon Overview and Level Annotations

Branches:
Dungeon (3/15)

Altars:
Beogh


Message History

Aim: an iguana (severely wounded, chance to affect: 86%)
The ball explodes into a vile cloud!
The stinking cloud engulfs the iguana but does no damage.
The iguana is severely wounded.
The iguana is engulfed in noxious fumes.
The iguana appears confused.
Unknown command.
The iguana is engulfed in noxious fumes.
The iguana appears confused.
The iguana is engulfed in noxious fumes.
The iguana appears confused.
Your magical contamination has completely faded away.
Casting: Mephitic Cloud (extremely dangerous; 30% risk of failure)
Confirm with . or Enter, or press ? or * to list all spells.
Aiming: Magic Dart (safe; 4% risk of failure)
Press: ? - help, Shift-Dir - straight line, f/p - iguana
Aim: an iguana (severely wounded, confused, 100% to hit)
You miscast Magic Dart.
You are very lightly contaminated with residual magic.
Nothing appears to happen.
Casting: Magic Dart (safe; 4% risk of failure)
Confirm with . or Enter, or press ? or * to list all spells.
Aiming: Magic Dart (safe; 4% risk of failure)
Press: ? - help, Shift-Dir - straight line, f/p - iguana
Aim: an iguana (severely wounded, confused, 100% to hit)
The magic dart hits the iguana.
The iguana is almost dead.
There are no items here.
Casting: Magic Dart (safe; 4% risk of failure)
Confirm with . or Enter, or press ? or * to list all spells.
Aiming: Magic Dart (safe; 4% risk of failure)
Press: ? - help, Shift-Dir - straight line, f/p - iguana
Aim: an iguana (almost dead, confused, 100% to hit)
The magic dart hits the iguana but does no damage.
The iguana is almost dead.
Your magical contamination has completely faded away.
You hit the iguana but do no damage.
The iguana is almost dead.
The iguana bites you!
You die...

#.######.###.#.### #.# #.
#.###.....# #.# #.
#.##..###.####.# #. #.....#
#(...#.# #.
###..#..###.##.#.# #.
.............##.#.# #.
.......#.....##.#.# #.
####...#..........########.
#......@l...............
##.[#..........####.###.
#..#.....##.### #.# #.
#..########.# #.###. # #.#
#..... ..# ###### ###


You could see an iguana (confused).

Vanquished Creatures
  An iguana (D:3)
  3 adders (D:2)
  3 dart slugs
  An orc (D:2)
  5 ball pythons
  4 endoplasms
  4 giant cockroaches
  5 hobgoblins
  6 quokkas
  5 bats
  2 frilled lizards
  15 goblins
  2 kobolds
  3 rats
59 creatures vanquished.

Vanquished Creatures (collateral kills)
  Robin (D:2)
  An adder (D:2)
  3 orcs (D:2)
  A hobgoblin (D:2)
  A ball python (D:2)
7 creatures vanquished.

Grand Total: 66 creatures vanquished

Notes
Turn   | Place    | Note
-------+----------+-------------------------------------------
     0 | D:1      | pokeman the Deep Elf Hedge Wizard began the quest for the
                  | Orb.
     0 | D:1      | Reached XP level 1. HP: 10/10 MP: 7/7
   375 | D:1      | Reached XP level 2. HP: 16/16 MP: 6/9
   958 | D:2      | Reached skill level 5 in Spellcasting
   958 | D:2      | Reached XP level 3. HP: 10/20 MP: 0/11
   962 | D:2      | Learned a level 3 spell: Mephitic Cloud
   965 | D:2      | Learned a level 2 spell: Call Imp
   968 | D:2      | Learned a level 2 spell: Blink
   972 | D:2      | Learned a level 3 spell: Conjure Flame
  1290 | D:2      | Reached skill level 1 in Fighting
  1506 | D:2      | Reached skill level 1 in Armour
  1645 | D:2      | Noticed Robin
  1678 | D:2      | Killed Robin
  1679 | D:2      | Reached XP level 4. HP: 23/25 MP: 0/13
  2286 | D:2      | Found a faded altar of an unknown god.
  2450 | D:2      | Reached skill level 1 in Fire Magic
  3138 | D:3      | Reached skill level 6 in Spellcasting
  3138 | D:3      | Reached XP level 5. HP: 29/29 MP: 5/15
  3320 | D:3      | HP: 1/29 [iguana (13)]
  3372 | D:3      | Slain by an iguana

Illustrated notes

Levels and vault maps discovered:
D:1:      dpeg_arrival_pond, layout_rooms
D:2:      layout_loops_ring, hellmonk_ecumenical_altar_defaced_shrine,
          st_stairs_14, kennysheep_big_empty_room, uniq_robin
D:3:      layout_loops_ring

Skill      XL: |  1  2  3  4 |
---------------+-------------+-----
Spellcasting   | 5 6 |  6.1
Fighting       | 1 |  1.0
Armour         | 1 |  1.0
Conjurations   | 2 |  2.5
Fire Magic     | 1 |  1.0
Dodging        | 3 |  3.0
Stealth        | |  2.5
Summonings     | |  1.1
Translocations | |  1.1
Ice Magic      | |  0.6

Action                   |  1- 3 |  4- 6 || total
-------------------------+-------+-------++-------
Melee: Staff             |    14 |     2 ||    16
 Cast: Magic Dart        |    89 |    78 ||   167
       Call Imp          |     6 |       ||     6
       Mephitic Cloud    |     2 |     3 ||     5
       Conjure Flame     |       |     2 ||     2
       Blink             |       |     2 ||     2
 Stab: Confused          |     4 |       ||     4
Armor: Robe              |     3 |       ||     3
Dodge: Dodged            |    23 |     5 ||    28
Block: Other             |     9 |     2 ||    11

Table legend: (Time is in decaauts)
 A = Elapsed time spent in this place.
 B = Non-inter-level travel time spent in this place.
 C = Inter-level travel time spent in this place.
 D = Time resting spent in this place.
 E = Time spent auto-exploring this place.
 F = Levels seen in this place.
 G = Mean time per level.
                   A        B        C        D        E       F      G
               +--------+--------+--------+--------+--------+-----+--------+
         Total |   3374 |   3313 |     61 |    188 |   2588 |   3 | 1124.7 |
       Dungeon |   3374 |   3313 |     61 |    188 |   2588 |   3 | 1124.7 |
               +--------+--------+--------+--------+--------+-----+--------+

Top non-repeatable levels by time:
     D:2: 2018 daAuts
     D:3: 712 daAuts
     D:1: 644 daAuts
